 Dungeon Crawl Stone Soup version 0.29-a0-721-g7f417c9bbb (webtiles) character file.

Game seed: 14949864406240202067

105 dolemite99 the Twirler (level 4, -1/37 HPs)
             Began as a Minotaur Gladiator on June 27, 2022.
             Was a Believer of Makhleb.
             Slain by an orc wizard
             ... wielding a +0 dagger
              (3 damage)
             ... on level 4 of the Dungeon.
             The game lasted 00:03:52 (2329 turns).

dolemite99 the Twirler (Minotaur Gladiator)         Turns: 2329, Time: 00:03:52

Health: -1/37      AC:  9    Str: 19    XL:     4   Next: 53%
Magic:  3/3        EV: 10    Int:  8    God:    Makhleb [**....]
Gold:   104        SH:  0    Dex: 13    Spells: 3/3 levels left

rFire   . . .      SeeInvis .   a - +0 quarterstaff
rCold   . . .      Faith    .   (shield currently unavailable)
rNeg    . . .      Spirit   .   q - +0 scale mail
rPois   .          Reflect  .   i - +2 hat {Int+3}
rElec   .          Harm     .   (no cloak)
rCorr   .          Rampage  .   (no gloves)
Will    .....                   j - +0 pair of boots
Stlth   ..........              (no amulet)
HPRegen 0.12/turn               (no ring)
MPRegen 0.08/turn               (no ring)

@: no status effects
A: horns 2, retaliatory headbutt
a: Renounce Religion, Minor Destruction


You were on level 4 of the Dungeon.
You worshipped Makhleb.
Makhleb was pleased with you.
You visited 1 branch of the dungeon, and saw 4 of its levels.

You collected 188 gold pieces.
You spent 84 gold pieces at shops.

Inventory:

Hand Weapons
 a - a +0 quarterstaff (weapon)
 b - a +0 sling
 w - a +2 war axe of electrocution
Missiles
 d - 3 throwing nets (quivered)
 e - a javelin
 p - 5 boomerangs
Armour
 c - a +0 hat
 i - a +2 hat of intelligence (worn)
 j - a +0 pair of boots (worn)
 m - a +0 leather armour
 q - a +0 scale mail (worn)
Jewellery
 l - an amulet of reflection
Scrolls
 f - a scroll of identify {@r1}
 u - a scroll of teleportation
 v - a scroll of summoning
 x - a scroll of fear
Potions
 g - a potion of resistance
 h - 7 potions of curing
 k - a potion of lignification {unknown}
 n - a potion of invisibility {unknown}
 o - a potion of ambrosia {unknown}
 r - a potion of flight
 s - a potion of mutation {unknown}
 t - a potion of heal wounds {unknown}


   Skills:
 - Level 2.4 Fighting
 + Level 6.5 Staves
 - Level 2.0 Throwing
 - Level 3.2 Dodging


You had 3 spell levels left.
You didn't know any spells.
Your spell library contained the following spells:

 Spells                   Type           Power      Damage    Failure   Level
 Gell's Gravitas          Tloc           0%         N/A       99%         3
 Lesser Beckoning         Tloc           0%         N/A       99%         3
 Teleport Other           Tloc           0%         N/A       99%         3


Dungeon Overview and Level Annotations

Branches:
Dungeon (4/15)
 Temple: D:4-7

Altars:
Makhleb
Vehumet

Shops:
D:2 !


Innate Abilities, Weirdness & Mutations

You have a pair of horns on your head.
You reflexively headbutt those who attack you in melee.


Message History

Makhleb accepts your kill.
You feel very sick.
You hit the orc priest.
The orc priest is moderately wounded.
You feel sick.
The orc priest miscasts a cantrip.
The orc priest hits you with a +0 whip.
You hit the orc priest but do no damage.
The orc priest is moderately wounded.
You feel sick.
The orc priest hits you but does no damage.
You barely miss the orc priest.
The orc priest is moderately wounded.
You feel sick. The orc priest hits you with a +0 whip.
You barely miss the orc priest.
The orc priest is moderately wounded.
You feel sick. The orc priest closely misses you.
You feel better.
The orc priest hits you but does no damage.
You closely miss the orc priest. Your headbutt misses the orc priest.
The orc priest is moderately wounded.
The orc wizard gestures wildly while chanting.
The orc wizard flickers and vanishes!
Deactivating autopickup; reactivate with Ctrl-A.
The orc priest hits you but does no damage.
You hit the orc priest but do no damage.
Your headbutt misses the orc priest.
The orc priest is moderately wounded.
The orc priest hits you with a +0 whip.
You sock the orc priest!
You kill the orc priest!
Makhleb accepts your kill.
You feel better.
A magic dart appears from out of thin air!
The magic dart hits you!
The orc priest mumbles some strange prayers to Beogh against you.
Beogh smites you!
* * * LOW HITPOINT WARNING * * *
Something hits you.
You die...

# #
.#.##########.###
.>...............
.................
#...o{#
#.......#@#
#.#.#.#.#.# #
#.#.#.# # ..#.#
..#.# .|...#
##(###


You could see an orc priest.

Vanquished Creatures
  An orc priest (D:4)
  A dart slug (D:1)
  10 orcs
  8 ball pythons
  6 bats
  2 endoplasms (D:1)
  2 giant cockroaches (D:3)
  2 goblins
  6 hobgoblins
  2 jackals (D:2)
  5 kobolds
  4 quokkas
  4 frilled lizards
  3 rats
56 creatures vanquished.

Vanquished Creatures (others)
  21 plants (D:1)
21 creatures vanquished.

Grand Total: 77 creatures vanquished

Notes
Turn   | Place    | Note
-------+----------+-------------------------------------------
     0 | D:1      | dolemite99 the Minotaur Gladiator began the quest for the
                  | Orb.
     0 | D:1      | Reached XP level 1. HP: 18/18 MP: 0/0
    39 | D:1      | Reached skill level 4 in Staves
    57 | D:1      | Reached XP level 2. HP: 17/25 MP: 1/1
   285 | D:1      | You fall into a shaft and drop 1 floor!
   381 | D:1      | Reached skill level 5 in Staves
   491 | D:1      | Reached XP level 3. HP: 30/30 MP: 2/2
   640 | D:2      | Found a faded altar of an unknown god.
   649 | D:2      | Prayed at the altar of an unknown god.
   649 | D:2      | Became a worshipper of Makhleb the Destroyer
   649 | D:2      | Reached * piety under Makhleb
   666 | D:2      | Found a radiant altar of Vehumet.
   712 | D:2      | Found Zarikaamid's Distillery.
   973 | D:2      | Bought a potion of curing for 42 gold pieces
   973 | D:2      | Bought a potion of flight for 42 gold pieces
  1414 | D:2      | Identified a scroll of acquirement
  1481 | D:2      | Acquired a +2 hat of intelligence
  1973 | D:3      | Reached skill level 6 in Staves
  1973 | D:3      | Reached XP level 4. HP: 31/37 MP: 3/3
  2012 | D:3      | Reached ** piety under Makhleb
  2329 | D:4      | Slain by an orc wizard

Illustrated notes

Levels and vault maps discovered:
D:1:      mushboom_english_gardens, layout_rooms, serial_bayou_lagoon_a
D:2:      layout_basic, nicolae_ecumenical_pavilion, serial_shops,
          nicolae_diamond_shop, basic_altar
D:3:      layout_basic
D:4:      layout_basic, enter_ossuary_2, uniq_blork_the_orc

Skill      XL: |  1  2  3 |
---------------+----------+-----
Staves         | 4 5 6 |  6.5
Fighting       | |  2.4
Throwing       | |  2.0
Dodging        | |  3.2

Action                   |  1- 3 |  4- 6 || total
-------------------------+-------+-------++-------
Melee: Quarterstaff      |    68 |    16 ||    84
       Headbutt          |     7 |     1 ||     8
 Fire: Sling             |    19 |       ||    19
  Use: Scroll            |     7 |     2 ||     9
       Potion            |       |     1 ||     1
 Stab: Sleeping          |     1 |       ||     1
Armor: Leather armour    |    15 |       ||    15
       Scale mail        |    17 |     7 ||    24
Dodge: Dodged            |    75 |     6 ||    81

Table legend: (Time is in decaauts)
 A = Elapsed time spent in this place.
 B = Non-inter-level travel time spent in this place.
 C = Inter-level travel time spent in this place.
 D = Time resting spent in this place.
 E = Time spent auto-exploring this place.
 F = Levels seen in this place.
 G = Mean time per level.
                   A        B        C        D        E       F      G
               +--------+--------+--------+--------+--------+-----+--------+
         Total |   2336 |   2240 |     96 |    536 |   1074 |   4 |  584.0 |
       Dungeon |   2336 |   2240 |     96 |    536 |   1074 |   4 |  584.0 |
               +--------+--------+--------+--------+--------+-----+--------+

Top non-repeatable levels by time:
     D:2: 1166 daAuts
     D:1: 594 daAuts
     D:3: 558 daAuts
     D:4: 17 daAuts
